 Dungeon Crawl Stone Soup version 0.17.1-3-g152610e (webtiles) character file.

91 ololoev the Slasher (level 4, -11/35 HPs)
             Began as a Mummy Chaos Knight on Apr 28, 2016.
             Killed from afar by an orc wizard (13 damage)
             ... with a puff of flame
             ... on level 3 of the Dungeon.
             The game lasted 00:03:47 (1593 turns).

ololoev the Slasher (Mummy Chaos Knight)            Turns: 1593, Time: 00:03:48

Health: -11/35     AC: 10    Str: 16    XL:     4   Next: 34%
Magic:  4/4        EV:  6    Int: 11    God:    Xom [..*...]
Gold:   88         SH:  0    Dex: 11    Spells: 0 memorised, 3 levels left

rFire  x . .     SeeInvis .     a - +0 falchion (chaos)
rCold  + . .     Clarity  .     i - +0 chain mail
rNeg   + + +     SustAt   .     (no shield)
rPois  ∞         Gourm    .     j - +0 helmet (curse)
rElec  .         Spirit   .     (no cloak)
rCorr  .         Warding  .     (no gloves)
rMut   .         Stasis   .     c - +0 pair of boots
MR     .....                    (no amulet)
Stlth  ..........               (no ring)
                                (no ring)

@: not resistant to hostile enchantments, extremely unstealthy
A: no food or potions, fire vulnerability, cold resistance 1, negative energy
resistance 3, torment resistance, unbreathing
a: Renounce Religion


Innate Abilities, Weirdness & Mutations

You do not eat or drink.
Your flesh is vulnerable to fire.
You are immune to poison.
Your flesh is cold resistant.
You are immune to negative energy.
You are immune to unholy pain and torment.
You can survive without breathing.

Inventory:

Hand Weapons
 a - a +0 falchion of chaos (weapon)
 b - a +0 blowgun
Armour
 c - a +0 pair of boots (worn)
 i - a +0 chain mail (worn)
 j - a cursed +0 helmet (worn)
Scrolls
 d - 2 scrolls of remove curse {unknown}
 e - a scroll of fear {unknown}
 f - a scroll of noise {unknown}
 g - a scroll of teleportation {unknown}
 h - a scroll of identify {unknown}


   Skills:
 - Level 3.0 Fighting
 + Level 4.0 Long Blades
 + Level 2.1 Armour
 - Level 0.7 Dodging


You had 3 spell levels left.
You didn't know any spells.


You were on level 3 of the Dungeon.
You worshipped Xom.
You were a toy of Xom.
You were not hungry.

You visited 1 branch of the dungeon, and saw 3 of its levels.

You collected 88 gold pieces.

#### ##### ###..#
#...# #..@.# #...#
.###.##.#####...##
........h..o§....#
........####§....#
....?...%# ##§..##
#........# ##...#
.).......####)...#
.#....#<.....####
##...#..#####

Notes
Turn   | Place    | Note
--------------------------------------------------------------
     0 | D:1      | ololoev the Mummy Chaos Knight began the quest for the Orb.
     0 | D:1      | Reached XP level 1. HP: 18/18 MP: 1/1
   222 | D:1      | Reached XP level 2. HP: 13/24 MP: 2/2
   358 | D:1      | XOM: harmless Ice miscast
   537 | D:1      | XOM: god gift: leather armour {god gift}
   568 | D:1      | XOM: mild Ice miscast
   727 | D:2      | Reached XP level 3. HP: 29/29 MP: 3/3
   735 | D:2      | XOM: potion effect (haste)
   936 | D:2      | Found a stormy altar of Qazlal.
   963 | D:2      | Found a sacrificial altar of Ru.
   966 | D:2      | Found a blossoming altar of Fedhas.
   969 | D:2      | Found a shattered altar of Ashenzari.
   978 | D:2      | Found a burning altar of Makhleb.
  1011 | D:2      | Noticed Robin
  1105 | D:2      | Killed Robin
  1105 | D:2      | Reached skill level 4 in Long Blades
  1105 | D:2      | Reached XP level 4. HP: 25/35 MP: 4/4
  1171 | D:2      | XOM: colour smoke trail
  1318 | D:2      | Noticed Sigmund
  1324 | D:2      | XOM: cast spell 'Cause Fear'
  1537 | D:3      | XOM: noise
  1577 | D:3      | XOM: smoke on damage
  1593 | D:3      | Killed from afar by an orc wizard

Dungeon Overview and Level Annotations

Branches:
Dungeon (3/15)

Altars:
Ashenzari
Fedhas
Makhleb
Qazlal
Ru

Annotations:
D:2 Sigmund


Message History

You emit a cloud of colourful smoke!
The orc barely misses you.
You bump into the rock wall.
Something hits you but does no damage. Something hits you but does no damage.
You hit the orc but do no damage.
There is a sudden explosion of sparks!
You kill the orc!
Something hits you. Something hits you but does no damage.
You miss something. Something hits you but does no damage.
The orc hits you but does no damage.
You feel less confused.
You hear some strange, mumbled words.
Something tries to affect you, but you resist.
You miss something. Something hits you but does no damage.
Something hits you but does no damage.
You miss something. Something hits you but does no damage.
You barely miss something. Something completely misses you.
Something hits you but does no damage.
Your chain mail prevents you from hitting something.
Something hits you. Something hits you but does no damage.
You hit something but do no damage. Something hits you but does no damage.
You closely miss something. Something hits you but does no damage.
Something hits you but does no damage.
You aren't carrying any items that can be evoked.
Unknown command.
You miss something.
You hear some strange, mumbled words.
Something tries to affect you, but you resist.
Something hits you but does no damage.
An adder comes into view.
You barely miss something.
The adder moves out of view.
You hear some strange, mumbled words.
A magic dart appears from out of thin air!
The magic dart hits you!
You hear some strange, mumbled words.
Something tries to affect you, but you resist.
You hear some strange, mumbled words.
A puff of flame appears from out of thin air!
The puff of flame hits you! The fire burns you terribly!
You die...
Xom chuckles heartily!

You could see a jackal.

Vanquished Creatures
  Robin (D:2)
  2 adders (D:2)
  2 worms (D:2)
  3 orcs (D:3)
  3 ball pythons
  12 goblins
  10 hobgoblins
  A jackal (D:3)
  3 quokkas (D:2)
  4 bats
  A giant cockroach (D:1)
  3 giant newts (D:1)
  5 kobolds
  3 rats (D:1)
53 creatures vanquished.

Action                   |  1- 3 |  4- 6 || total
-------------------------+-------+-------++-------
Melee: Falchion          |   152 |    57 ||   209

Vault maps used:
D:1:      zaba_arrival_water, dk_noncrumbling_3
D:2:      grunt_temple_overflow_cloverleaf, nicolae_qazlal_eye_of_the_storm,
          first_bread, uniq_sigmund, uniq_natasha, uniq_robin
